 Dungeon Crawl Stone Soup version 0.26-a0-670-g578ab304f5 (webtiles) character file.

Game seed: 4921384006690147615

(classic levelgen) 236908 EnegeticOcto the Earth Mage (level 19, -2/163 HPs)
             Began as a Halfling Earth Elementalist on Oct 19, 2020.
             Was the Champion of Ru.
             Shot with an arrow by a deep elf master archer (34 damage)
             ... on level 3 of the Elven Halls.
             The game lasted 02:21:12 (14691 turns).

EnegeticOcto the Earth Mage (HaEE)                 Turns: 14691, Time: 02:21:13

Health: -2/163     AC: 28    Str:  7    XL:     19   Next: 98%
Magic:  20/26      EV: 24    Int: 19    God:    Ru [******]
Gold:   301        SH:  0    Dex: 17    Spells: 6/28 levels left

rFire    + . .     SeeInvis .   D - +2 double sword (flame)
rCold    . . .     Faith    .   (shield currently unavailable)
rNeg     + . .     Spirit   .   (armour currently unavailable)
rPois    ∞         Reflect  .   (no helmet)
rElec    +         Harm     .   G - +1 cloak
rCorr    .         Rampage  .   (gloves currently unavailable)
MR       +....                  (boots currently unavailable)
Stlth    ++........             z - amulet of regeneration
HPRegen  0.77/turn              j - ring of protection from fire
MPRegen  0.20/turn              y - ring of wizardry

@: exhausted, statue-form (expiring), no potions, lightly drained, very slow
A: small, mutation resistance 1, screaming 1, weak 1, inability to drink while
threatened, inability to train armour, unskilled 1, inexperienced 1
}: 2/15 runes: decaying, serpentine
a: End Transformation, Draw Out Power, Power Leap, Apocalypse, Renounce Religion


You were on level 3 of the Elven Halls.
You worshipped Ru.
Ru was exalted by your worship.
You were a stone statue.
You visited 7 branches of the dungeon, and saw 34 of its levels.
You also visited: Ice Cave and Desolation.

You collected 2535 gold pieces.
You spent 2234 gold pieces at shops.

Inventory:

Hand Weapons
 d - a +2 scimitar of flaming
 o - a +0 demon blade of protection
 D - a +2 double sword of flaming (weapon)
 N - a +2 dagger of holy wrath
 V - the +4 dagger "Morg" {pain, MR+ Int+5}
   (You found it in the Desolation of Salt)

   In the hands of one skilled in necromantic magic, it inflicts extra damage on
   living creatures.
   It affects your intelligence (+5).
   It affects your resistance to hostile enchantments.
Missiles
 b - 59 stones (quivered)
 C - 3 throwing nets {!f}
Armour
 f - the +0 pair of gloves of Polish (melded) {rPois Dex+3}
   (You bought it in a shop on level 2 of the Orcish Mines)

   It affects your dexterity (+3).
   It protects you from poison.
 q - the +5 robe of Night {Dark MR+ SInv}
   (You found it in the Desolation of Salt)

   It affects your resistance to hostile enchantments.
   It lets you see invisible.
 t - a +0 pair of gloves of strength
 v - a +2 kite shield
 G - a +1 cloak (worn)
 J - a +4 troll leather armour (melded) {Snorg}
 W - a +2 pair of boots of rampaging (melded)
Jewellery
 h - a +4 ring of protection
 j - a ring of protection from fire (left hand)
 n - an uncursed amulet of magic regeneration
 s - an uncursed ring of protection from cold
 x - an uncursed ring of magical power
 y - a ring of wizardry (right hand)
 z - an amulet of regeneration (around neck)
 T - the ring of the Griffon {rPois rF+ EV+4 Str-5 Dex+2}
   (You found it on level 1 of the Swamp)

   [ring of evasion]

   It affects your evasion (+4).
   It affects your strength (-5).
   It affects your dexterity (+2).
   It protects you from fire.
   It protects you from poison.
Wands
 r - a wand of iceblast (9) {@v2}
 L - a wand of flame (35) {@v4}
 X - a wand of paralysis (3)
 Z - a wand of disintegration (12)
Scrolls
 e - a scroll of holy word
 i - a scroll of immolation
 k - 2 scrolls of amnesia
 E - a scroll of acquirement
 K - 2 scrolls of enchant weapon
 M - 2 scrolls of fog {!r}
 O - a scroll of fear {!r}
 P - 3 scrolls of teleportation {@r3 !r}
 U - a scroll of magic mapping {@r5 !r}
 Y - a scroll of summoning
Potions
 a - 7 potions of curing {@q1 !q}
 g - a potion of mutation
 l - 3 potions of heal wounds {@q2 !q}
 m - 3 potions of cancellation
 p - a potion of resistance
 u - 5 potions of might {@q3 !q}
 w - 2 potions of lignification {@q6}
 A - 3 potions of haste {@q4 !q}
 B - 3 potions of stabbing {@q5 !q}
 F - a potion of flight
 I - 2 potions of brilliance
 Q - a potion of magic
 R - a potion of ambrosia
Miscellaneous
 c - a condenser vane (1/2)


   Skills:
 - Level 10.0(9.5) Fighting
 - Level 13.9(13.4) Long Blades
 - Level 12.0(11.4) Dodging
 - Level 2.0(1.6) Stealth
 * Level 9.7(9.3) Shields
 - Level 5.0(4.5) Spellcasting
 - Level 2.6(2.2) Conjurations
 - Level 5.0(4.5) Translocations
 - Level 9.0(8.5) Transmutations
 - Level 16.0(15.4) Earth Magic
 - Level 4.8(4.4) Evocations


You had 6 spell levels left.
You knew the following spells:

 Your Spells              Type           Power        Failure   Level
a - Sandblast             Erth           ######       0%          1
b - Stone Arrow           Conj/Erth      #####.       1%          3
c - Apportation           Tloc           ###...       1%          1
d - Lee's Rapid Deconstr  Erth           ######....   1%          5
e - Statue Form           Tmut/Erth      #####....    6%          6
f - Petrify               Tmut/Erth      #####...     1%          4
p - Passwall              Tmut/Erth      #####...     1%          2

Your spell library contained the following spells:

 Spells                   Type           Power        Failure   Level
 Sting                    Tmut/Pois      ###.         1%          1
 Magic Dart               Conj           ##..         2%          1
 Gell's Gravitas          Tloc           ###.......   2%          3
 Foxfire                  Conj/Fire      #...         3%          1
 Searing Ray              Conj           ##....       3%          2
 Animate Skeleton         Necr           #.....       5%          1
 Corona                   Hex            #......      5%          1
 Pain                     Necr           #...         5%          1
 Summon Small Mammal      Summ           #...         5%          1
 Portal Projectile        Hex/Tloc       ##....       6%          3
 Call Imp                 Summ           #.......     9%          2
 Corpse Rot               Necr/Air       N/A          9%          2
 Ensorcelled Hibernation  Hex/Ice        #.....       9%          2
 Ice Form                 Ice/Tmut       ###.....     9%          4
 Dazzling Flash           Conj/Hex       #.....       10%         3
 Iskenderun's Mystic Bla  Conj/Tloc      ###.....     13%         4
 Call Canine Familiar     Summ           #.......     16%         3
 Confusing Touch          Hex            #.......     16%         3
 Inner Flame              Hex/Fire       #.......     16%         3
 Summon Guardian Golem    Hex/Summ       #.......     16%         3
 Tukima's Dance           Hex            #.......     16%         3
 Irradiate                Conj/Tmut      ###.......   16%         5
 Hydra Form               Tmut           #####.....   24%         6
 Alistair's Intoxication  Tmut/Pois      ###......    26%         5
 Yara's Violent Unravell  Hex/Tmut       ###.......   26%         5
 Fulminant Prism          Conj/Hex       #.........   32%         4
 Hailstorm                Conj/Ice       #.......     32%         4
 Summon Ice Beast         Ice/Summ       #.......     45%         4
 Summon Lightning Spire   Summ/Air       #.......     45%         4
 Summon Forest            Summ/Tloc      ##........   45%         5
 Fireball                 Conj/Fire      #.........   63%         5
 Dispersal                Tloc           ###.......   73%         6
 Eringya's Noxious Bog    Tmut/Pois      ###.......   77%         6
 Agony                    Necr           #.......     78%         5
 Metabolic Englaciation   Hex/Ice        #.........   78%         5
 Silence                  Hex/Air        #.........   78%         5
 Conjure Ball Lightning   Conj/Air       #.........   99%         6
 Freezing Cloud           Conj/Ice/Air   #.........   99%         6
 Ozocubu's Refrigeration  Ice            #.........   100%        6
 Simulacrum               Ice/Necr       #.........   100%        6
 Dragon Form              Tmut           #####.....   77%         7
 Spellforged Servitor     Conj/Summ      #.........   100%        7
 Disjunction              Tloc           ###.......   100%        8
 Ignition                 Fire           #.........   100%        8
 Tornado                  Air            #.........   100%        9


Dungeon Overview and Level Annotations

Branches:
Dungeon (14/15)            Temple (1/1) D:5            Lair (6/6) D:11
  Swamp (4/4) Lair:2        Snake (4/4) Lair:3          Orc (2/2) D:10
    Elf (3/3) Orc:2        Vaults (0/5) D:13          IceCv (visited)
Desolation (visited)
  Slime: Lair:5-6

Altars:
Ashenzari
Cheibriados
Dithmenos
Elyvilon
Fedhas
Gozag
Hepliaklqana
Kikubaaqudgha
Makhleb
Nemelex Xobeh
Okawaru
Qazlal
Ru
Sif Muna
Trog
Uskayaw
Vehumet
Wu Jian
Xom
Yredelemnul
Zin
The Shining One
Beogh
Jiyva

Shops:
Orc:2 :*:[}=   Snake:3 **

Annotations:
D:5 3 runed translucent doors, Burgietje's ghost, amateur GrFi
D:6 5 runed translucent doors
D:9 Psyche
Lair:2 exclusion: oklob plant
Lair:5 1 runed translucent door
Snake:3 3 runed translucent doors, exclusion: obsidian statue, mora's ghost, adept DrAK
Elf:2 exclusion: Roxanne, Roxanne


Innate Abilities, Weirdness & Mutations

You are small and have problems with some larger weapons.
You are somewhat resistant to further mutation.
You occasionally shout uncontrollably at your foes.
You are weak. (Str -2)
You cannot drink potions while threatened.
You cannot train Armour skill.
You are somewhat unskilled. (-1 Apt)
You are somewhat inexperienced. (-2 XL)


Message History

Something smites you!
The deep elf demonologist casts a spell.
Evoke which item? (* to show all) (? for menu, Esc to quit)
Aiming: Iceblast
Press: ? - help, Shift-Dir - straight line The mass of ice explodes!
The iceblast engulfs the deep elf blademaster!
The deep elf blademaster is almost dead.
The iceblast engulfs the deep elf sorcerer!
You kill the deep elf sorcerer!
Your base Shields skill increases to level 9!
The deep elf archer falters for a moment.
The deep elf high priest invokes the aid of its god against you.
Something smites you!
You redirect the deep elf high priest's attack!
Evoke which item? (* to show all) (? for menu, Esc to quit)
Aiming: Iceblast
Press: ? - help, Shift-Dir - straight line
Okay, then.
Really read the scroll of immolation?
As you read the scroll of immolation, it crumbles to dust.
The creatures around you are filled with an inner flame!
A deep elf master archer comes into view.
It is wearing a +4 chain mail of magic resistance.
Evoke which item? (* to show all) (? for menu, Esc to quit)
Press: ? - help, Shift-Dir - straight line, f - deep elf blademaster
Aim: a deep elf blademaster, wielding two +0 rapiers and wearing a +0 leather armour (almost dead, inner flame, paralysed)
The mass of ice explodes!
The iceblast engulfs the deep elf blademaster!!
The deep elf blademaster explodes!
The fiery explosion engulfs the deep elf demonologist!!
Flame seeps out of the deep elf demonologist.
The deep elf demonologist is heavily wounded.
The fiery explosion engulfs the deep elf death mage!!
Flame seeps out of the deep elf death mage.
The deep elf death mage is heavily wounded.
The fiery explosion engulfs the hell beast!!!
Flame seeps out of the hell beast.
The hell beast is heavily wounded.
The iceblast engulfs the deep elf demonologist!!
Flame seeps out of the deep elf demonologist.
The deep elf demonologist is almost dead.
The iceblast engulfs the deep elf death mage!
Flame seeps out of the deep elf death mage.
The deep elf death mage is severely wounded.
The iceblast engulfs the hell beast!
Flame seeps out of the hell beast.
The hell beast is severely wounded.
The hell beast is engulfed in blazing flames.
Flame seeps out of the hell beast.
The deep elf high priest mumbles some strange prayers to its god.
The deep elf high priest begins emitting a brilliant aura!
The deep elf death mage is empowered by the deep elf high priest's aura!
The deep elf demonologist is empowered by the deep elf high priest's aura!
The deep elf sorcerer is empowered by the deep elf high priest's aura!
The deep elf archer is empowered by the deep elf high priest's aura!
The hell beast is engulfed in blazing flames.
Flame seeps out of the hell beast.
The deep elf master archer is stunned by your will and fails to attack.
The deep elf death mage is engulfed in blazing flames.
Flame seeps out of the deep elf death mage.
The deep elf death mage points at you and mumbles some strange words.
The bolt of negative energy hits you! You partially resist.
You feel drained.
The deep elf demonologist is engulfed in blazing flames.
The deep elf demonologist explodes!
The hell beast disappears in a puff of smoke!
The deep elf archer falters for a moment.
You're wearing all the rings you can.
Remove which one? (? for menu, Esc to cancel) < or
s - a ring of protection from cold; > or
y - a ring of wizardry You remove your ring of protection from cold.
The deep elf death mage is engulfed in blazing flames.
The deep elf death mage explodes!
The fiery explosion engulfs the deep elf archer!!
The deep elf archer explodes!
The fiery explosion engulfs you! x2
* * * LOW HITPOINT WARNING * * *
Your condenser vane (1/2) has regained one charge.
The deep elf high priest is engulfed in blazing flames.
Flame seeps out of the deep elf high priest.
The deep elf high priest unwields a +0 long sword.
The deep elf high priest wields a +0 shortbow.
The deep elf high priest shoots an arrow.
The arrow hits you but does no damage.
j - a ring of protection from fire (left hand)
You are engulfed in blazing flames.
You resist.
* * * LOW HITPOINT WARNING * * *
The deep elf master archer wields a +0 longbow.
The deep elf master archer shoots an arrow.
The arrow barely misses you.
Okay, then.
The deep elf master archer shoots an arrow.
The arrow misses you.
The deep elf high priest is engulfed in blazing flames.
Flame seeps out of the deep elf high priest.
You redirect the deep elf high priest's attack!
The deep elf high priest shoots an arrow.
The arrow hits the deep elf sorcerer!
The deep elf sorcerer explodes!
The deep elf master archer shoots an arrow.
The arrow hits you!!
You die...

#..# ..........).
#...# ......§§§.#
....# ##..e..§§§##
....#
##..§§§)....##
....#
##...§§e§.....#
#...#
##...§§§§§......
#..#
#...#.§§§§...#..
#.#
...###§§§...###. ##
#...#).(8...(#.. ##
##.....#..#.....
.### ##...##..#
...# ...## ##.#
#..# ## )...# ##
#..# ....# ###
##..#
....#######.###)).#
...#.#...)....))).#
...#.###)#.####.###


You could see a deep elf master archer and a deep elf high priest (inner flame,
brilliance aura, unaware).

Vanquished Creatures
  Vashnia (Snake:3)
  An Ice Fiend (IceCv)
  A deep elf master archer (Elf:3)
  A deep elf blademaster (Elf:3)
  2 thorn hunters
  5 nagarajas
  2 azure jellies
  3 deep elf sorcerers (Elf:3)
  4 imperial myrmidons (Desolation)
  4 deep elf elementalists (Elf:3)
  A very ugly thing (Swamp:4)
  3 deep elf demonologists (Elf:3)
  2 halazid warlocks (Desolation)
  6 deep elf annihilators
  5 deep elf death magi
  Snorg (Lair:6)
  5 ragged hierophants (Desolation)
  9 naga warriors
  3 ice dragons (Swamp:4)
  6 deep elf high priests (Elf:3)
  7 peacekeepers
  6 servants of whispers (Desolation)
  15 hydras
  A centaur warrior (D:13)
  An anaconda (Snake:2)
  2 ghost crabs
  2 boulder beetles
  3 catoblepae
  11 dancing weapons
  4 alligators
  2 two-headed ogres
  4 death yaks
  A tengu warrior (D:13)
  2 shock serpents
  4 spriggans
  Urug (D:10)
  18 naga sharpshooters
  3 orc high priests
  14 deep elf knights
  A salamander mystic (Snake:2)
  A skeletal warrior (D:13)
  4 swamp dragons
  An ironbrand convoker (Desolation)
  4 naga ritualists (Snake:4)
  12 deep elf archers
  An orc knight (Orc:2)
  A lindwurm (Lair:6)
  6 ugly things
  2 mana vipers
  7 orc sorcerers
  44 deep elf magi
  2 manticores (Lair:6)
  A cyclops (Orc:2)
  A salamander (Snake:2)
  4 guardian serpents
  18 naga magi
  9 elephants
  A black mamba (shapeshifter) (Elf:2)
  19 black mambas
  12 cane toads
  10 freezing wraiths
  A rime drake (shapeshifter) (Elf:2)
  7 komodo dragons
  A hellion (Swamp:1)
  A golden dragon simulacrum (IceCv)
  2 tengu conjurers (D:13)
  4 rime drakes
  5 ice devils (IceCv)
  6 polar bears
  6 trolls
  9 tyrant leeches
  3 slime creatures (Swamp:3)
  42 saltlings (Desolation)
  5 hornets
  3 blink frogs
  7 bog bodies
  7 dream sheep
  3 dire elephant simulacra (IceCv)
  3 centaur simulacra
  2 shadows
  2 air elementals (Elf:1)
  2 wraiths
  31 yaks
  A water elemental (Elf:2)
  3 wyverns
  4 basilisks
  2 fire elementals
  4 vampire mosquitoes (Swamp:1)
  2 swamp worm simulacra (Swamp:4)
  A hog (D:9)
  3 iron troll simulacra (IceCv)
  28 nagas
  5 wargs
  8 swamp worms
  4 insubstantial wisps (Swamp:1)
  5 harpy simulacra (IceCv)
  16 hydra simulacra
  18 water moccasins
  19 orc warriors
  3 swamp drakes
  An eye of draining (D:14)
  An alligator simulacrum (IceCv)
  3 sky beasts
  12 wolves
  2 necrophages
  6 ogres
  10 centaurs
  2 big kobolds
  An earth elemental (Elf:3)
  20 bullfrogs
  A gnoll sergeant (D:10)
  5 scorpions
  6 killer bees (D:13)
  7 wights (D:10)
  An electric eel (D:9)
  A bullfrog zombie (D:11)
  2 centaur zombies
  A draconian simulacrum (IceCv)
  A hound (D:7)
  A jelly (D:11)
  3 bullfrog skeletons
  19 orc priests
  4 iguanas
  37 orc wizards
  3 troll simulacra (IceCv)
  11 worker ants
  4 hell rats (Lair:5)
  2 spriggan simulacra (IceCv)
  A polar bear simulacrum (IceCv)
  A hound zombie (D:7)
  A hound skeleton (D:8)
  8 gnolls
  2 naga simulacra (IceCv)
  An ogre simulacrum (IceCv)
  6 adders
  2 shadow imps
  10 white imps
  7 ufetubi
  6 swamp drake simulacra (Swamp:4)
  An adder zombie (D:9)
  A worm (D:4)
  3 dart slugs
  69 orcs
  A bat (D:3)
  A giant cockroach (D:3)
  8 goblins
  7 hobgoblins
  10 jackals
  4 quokkas
  A frilled lizard (D:4)
  5 kobolds
  3 quokka skeletons
  2 rats (D:2)
933 creatures vanquished.

Vanquished Creatures (others)
  A nagaraja (Snake:4)
  A deep elf sorcerer (Elf:3)
  2 hydras (Swamp:1)
  A deep elf high priest (Elf:1)
  An alligator (Swamp:3)
  A naga sharpshooter (Snake:3)
  A naga ritualist (Snake:4)
  A deep elf mage (Elf:3)
  A salamander (Snake:2)
  2 cane toads
  A komodo dragon (Lair:2)
  A freezing wraith (Swamp:4)
  A troll (D:10)
  A hornet (Swamp:3)
  A spriggan (Swamp:3)
  A wyvern (Lair:3)
  A water moccasin (Lair:6)
  2 orc warriors
  An ogre (Orc:2)
  A centaur (D:13)
  An earth elemental (Elf:1)
  23 fungi
  70 plants
117 creatures vanquished.

Grand Total: 1050 creatures vanquished

Notes
Turn   | Place    | Note
-------+----------+-------------------------------------------
     0 | D:1      | EnegeticOcto the Halfling Earth Elementalist began the
                  | quest for the Orb.
     0 | D:1      | Reached XP level 1. HP: 11/11 MP: 3/3
   109 | D:2      | Reached XP level 2. HP: 14/17 MP: 0/4
   196 | D:2      | Reached skill level 4 in Earth Magic
   196 | D:2      | Reached XP level 3. HP: 21/21 MP: 2/5
   335 | D:2      | Found an opulent altar of Gozag.
   421 | D:2      | Reached XP level 4. HP: 10/27 MP: 0/6
   571 | D:3      | Reached skill level 5 in Earth Magic
   662 | D:3      | Found a glowing silver altar of Zin.
   664 | D:3      | Found a white marble altar of Elyvilon.
   664 | D:3      | Found a shimmering altar of Xom.
   675 | D:3      | Found a shadowy altar of Dithmenos.
   675 | D:3      | Found a stormy altar of Qazlal.
   699 | D:3      | Became a worshipper of Xom the Less-Predictable
   767 | D:3      | Found a snail-covered altar of Cheibriados.
   824 | D:3      | Reached XP level 5. HP: 29/31 MP: 5/7
   873 | D:4      | Noticed an ogre
   909 | D:4      | XOM: potion effect (stabbing)
   912 | D:4      | Killed an ogre
   912 | D:4      | Reached skill level 6 in Earth Magic
   912 | D:4      | Reached XP level 6. HP: 36/36 MP: 4/8
   916 | D:4      | XOM: silly message
   949 | D:5      | Entered Level 5 of the Dungeon
   987 | D:5      | Found a staircase to the Ecumenical Temple.
   993 | Temple   | Entered the Ecumenical Temple
  1160 | D:4      | Found a sacrificial altar of Ru.
  1160 | D:4      | Found a broken altar of Ashenzari.
  1163 | D:4      | Fell from the grace of Xom
  1163 | D:4      | Became a worshipper of Ru the Awakened
  1315 | D:5      | Noticed a sky beast
  1323 | D:5      | Found a runed translucent gate.
  1323 | D:5      | Found a runed translucent gate.
  1324 | D:5      | Found a runed translucent gate.
  1324 | D:5      | Noticed Burgietje's ghost (amateur GrFi)
  1346 | D:5      | Reached skill level 7 in Earth Magic
  1467 | D:5      | Reached XP level 7. HP: 33/41 MP: 6/9
  1487 | D:6      | Noticed a soldier ant
  1488 | D:6      | Noticed a soldier ant
  1489 | D:6      | Found a runed translucent gate.
  1489 | D:6      | Noticed a soldier ant
  1489 | D:6      | Noticed a soldier ant
  1491 | D:6      | Found a runed translucent door.
  1491 | D:6      | Found a runed translucent gate.
  1557 | D:6      | Found a runed translucent gate.
  1559 | D:6      | Noticed a water moccasin
  1559 | D:6      | Noticed a water moccasin
  1559 | D:6      | Noticed a soldier ant
  1559 | D:6      | Noticed a water moccasin
  1587 | D:6      | Found a runed translucent door.
  1600 | D:6      | Found the +9 staff of Olgreb {rPois∞}
  1630 | D:6      | Learned a level 3 spell: Stone Arrow
  1641 | D:6      | Reached skill level 1 in Conjurations
  1667 | D:6      | Reached skill level 8 in Earth Magic
  1757 | D:6      | Reached skill level 2 in Conjurations
  1765 | D:6      | Gained mutation: You are somewhat inexperienced. (-2 XL)
                  | [Ru sacrifice]
  1765 | D:6      | Reached XP level 6. HP: 23/36 MP: 4/8
  1765 | D:6      | Reached XP level 5. HP: 23/31 MP: 4/7
  1765 | D:6      | Reached * piety under Ru
  1765 | D:6      | Reached ** piety under Ru
  1810 | D:6      | Reached XP level 6. HP: 25/36 MP: 8/8
  1855 | D:6      | Noticed an orc warrior
  1865 | D:6      | Killed an orc warrior
  1865 | D:6      | Reached skill level 3 in Conjurations
  1888 | D:6      | XOM: torment (19/36 hp)
  1911 | D:6      | Gained mutation: You can translocate small distances at
                  | will. [potion of mutation]
  1911 | D:6      | Gained mutation: You have a pair of small antennae on your
                  | head. [potion of mutation]
  1914 | D:6      | Lost mutation: You have a pair of small antennae on your
                  | head. [potion of mutation]
  2048 | D:7      | Noticed a necrophage
  2051 | D:7      | Killed a necrophage
  2051 | D:7      | Reached skill level 2 in Spellcasting
  2051 | D:7      | Reached XP level 7. HP: 41/41 MP: 2/10
  2064 | D:7      | Found a glowing silver altar of Zin.
  2149 | D:7      | Reached skill level 9 in Earth Magic
  2265 | D:7      | XOM: potion effect (might)
  2337 | D:8      | Reached XP level 8. HP: 36/46 MP: 11/11
  2361 | D:8      | Reached skill level 1 in Long Blades
  2427 | D:8      | Reached skill level 3 in Dodging
  2496 | D:8      | Noticed a wyvern
  2504 | D:8      | Killed a wyvern
  2504 | D:8      | Reached skill level 2 in Long Blades
  2557 | D:9      | Reached skill level 4 in Dodging
  2561 | D:9      | Noticed a hog
  2571 | D:8      | Reached skill level 3 in Long Blades
  2592 | D:9      | Reached XP level 9. HP: 45/51 MP: 8/12
  2616 | D:9      | Reached skill level 10 in Earth Magic
  2639 | D:9      | Reached skill level 4 in Long Blades
  2639 | D:9      | Reached skill level 5 in Dodging
  2686 | D:9      | Reached skill level 5 in Long Blades
  2686 | D:9      | Reached skill level 6 in Dodging
  2704 | D:9      | XOM: 2-stop teleportation journey
  2734 | D:9      | Gained mutation: You cannot train Armour skill. [Ru
                  | sacrifice]
  2734 | D:9      | Reached *** piety under Ru
  2742 | D:9      | Found a sacrificial altar of Ru.
  2775 | D:9      | Noticed Psyche
  2851 | D:9      | Reached skill level 6 in Long Blades
  2851 | D:9      | Reached skill level 7 in Dodging
  2884 | D:10     | Entered Level 10 of the Dungeon
  2887 | D:10     | Reached XP level 10. HP: 56/56 MP: 13/13
  2961 | D:10     | Found a staircase to the Orcish Mines.
  2970 | Orc:1    | Entered Level 1 of the Orcish Mines
  2998 | D:10     | XOM: 2-stop teleportation journey
  2999 | D:10     | Noticed Urug
  3016 | D:10     | Learned a level 2 spell: Passwall
  3030 | D:10     | Killed Urug
  3030 | D:10     | Reached skill level 7 in Long Blades
  3030 | D:10     | Reached skill level 8 in Dodging
  3047 | D:10     | Noticed a two-headed ogre
  3059 | D:10     | Killed a two-headed ogre
  3059 | D:10     | Reached skill level 8 in Long Blades
  3126 | D:9      | Noticed a manticore
  3139 | D:10     | Noticed Maurice
  3140 | D:10     | Noticed Maurice
  3140 | D:10     | Maurice changed into Maurice the centaur
  3144 | D:10     | Reached skill level 9 in Long Blades
  3146 | D:10     | Noticed Maurice
  3146 | D:10     | Maurice the centaur changed into Maurice the warg
  3153 | D:10     | Killed Maurice the warg
  3167 | D:10     | XOM: 2-stop teleportation journey
  3332 | D:10     | Reached XP level 11. HP: 42/61 MP: 14/14
  3469 | Orc:1    | Reached skill level 1 in Evocations
  3476 | Orc:1    | Reached skill level 1 in Fighting
  3534 | Orc:1    | Found a roughly hewn altar of Beogh.
  3610 | Orc:1    | Reached skill level 10 in Long Blades
  3671 | Orc:2    | Entered Level 2 of the Orcish Mines
  3680 | Orc:2    | Reached skill level 2 in Evocations
  3700 | Orc:2    | Found Xuletei's Gadget Emporium.
  3707 | Orc:2    | Gained mutation: You are somewhat unskilled. (-1 Apt) [Ru
                  | sacrifice]
  3707 | Orc:2    | Reduced skill Long Blades to level 9
  3707 | Orc:2    | Reduced skill Dodging to level 7
  3707 | Orc:2    | Reduced skill Spellcasting to level 1
  3707 | Orc:2    | Reduced skill Conjurations to level 2
  3707 | Orc:2    | Reduced skill Earth Magic to level 9
  3707 | Orc:2    | Reduced skill Evocations to level 1
  3707 | Orc:2    | Reached **** piety under Ru
  3707 | Orc:2    | Reached ***** piety under Ru
  3710 | Orc:2    | Bought a condenser vane (2/2) for 340 gold pieces
  3710 | Orc:2    | Found a staircase to the Elven Halls.
  3715 | Orc:2    | Noticed an orc high priest
  3720 | Orc:2    | Reached skill level 2 in Evocations
  3723 | Orc:2    | Killed an orc high priest
  3723 | Orc:2    | Reached skill level 2 in Fighting
  3767 | Orc:2    | Noticed an orc knight
  3775 | Orc:2    | Reached skill level 8 in Dodging
  3776 | Orc:2    | Noticed an orc sorcerer
  3783 | Orc:2    | Killed an orc knight
  3784 | Orc:2    | Killed an orc sorcerer
  3784 | Orc:2    | Reached skill level 3 in Evocations
  3839 | Orc:1    | Noticed a two-headed ogre
  3905 | Orc:2    | Noticed an orc sorcerer
  3916 | Orc:2    | Paralysed by an orc sorcerer for 5 turns
  3921 | Orc:2    | Killed an orc sorcerer
  3921 | Orc:2    | Reached skill level 3 in Fighting
  3961 | Orc:2    | Noticed an orc sorcerer
  3976 | Orc:2    | Found Wady Zue's Jewellery Emporium.
  3988 | Orc:2    | Noticed a cyclops
  3988 | Orc:2    | an orc sorcerer changed into a cyclops
  3996 | Orc:2    | Killed a cyclops
  4036 | Orc:2    | XOM: scenery: create altars
  4117 | Orc:2    | Noticed an orc sorcerer
  4140 | Orc:2    | Paralysed by an orc sorcerer for 6 turns
  4153 | Orc:2    | Killed an orc sorcerer
  4184 | Orc:2    | Noticed an orc sorcerer
  4194 | Orc:2    | Killed an orc sorcerer
  4194 | Orc:2    | Reached skill level 4 in Evocations
  4194 | Orc:2    | Reached XP level 12. HP: 48/74 MP: 14/14
  4225 | Orc:2    | Reached skill level 10 in Long Blades
  4264 | Orc:2    | Noticed an orc high priest
  4279 | Orc:2    | Noticed a soul eater
  4279 | Orc:2    | Killed an orc high priest
  4279 | Orc:2    | Reached skill level 4 in Fighting
  4310 | Orc:2    | Reached skill level 9 in Dodging
  4434 | Orc:2    | Found Sisedun's Assorted Antiques.
  4434 | Orc:2    | Found Qyelec's Book Shoppe.
  4434 | Orc:2    | Found Ivier's Book Emporium.
  4437 | Orc:2    | Found Rayboul's Antique Armour Emporium.
  4446 | Orc:2    | Bought a pair of jewelled gloves for 256 gold pieces
  4448 | Orc:2    | Bought a book of Cantrips for 260 gold pieces
  4452 | Orc:2    | Learned a level 1 spell: Apportation
  4472 | Orc:2    | Noticed a sixfirhy
  4498 | Orc:2    | XOM: noise
  4729 | D:10     | Found a snail-covered altar of Cheibriados.
  4904 | D:11     | Reached skill level 5 in Fighting
  4911 | D:11     | Gained mutation: You cannot drink potions while threatened.
                  | [Ru sacrifice]
  4923 | D:11     | Found a staircase to the Lair.
  4940 | D:11     | Noticed a two-headed ogre
  4954 | D:11     | Killed a two-headed ogre
  4958 | D:11     | XOM: enchant monster (bad)
  4980 | D:11     | Identified the cursed +0 pair of gloves of Polish {rPois
                  | Dex+3} (You bought it in a shop on level 2 of the Orcish
                  | Mines)
  5008 | Lair:1   | Entered Level 1 of the Lair of Beasts
  5052 | Lair:1   | Noticed a seven-headed hydra
  5059 | Lair:1   | Killed a seven-headed hydra
  5059 | Lair:1   | Reached skill level 10 in Dodging
  5214 | Lair:2   | Reached skill level 1 in Translocations
  5290 | Lair:3   | XOM: noise
  5359 | Lair:3   | Reached skill level 11 in Long Blades
  5363 | Lair:3   | Reached skill level 2 in Translocations
  5416 | Lair:3   | Reached skill level 6 in Fighting
  5416 | Lair:3   | Reached XP level 13. HP: 83/83 MP: 4/15
  5568 | Lair:2   | Reached skill level 3 in Translocations
  5578 | Lair:2   | Gained mutation: You are weak. (Str -2) [Ru sacrifice]
  5584 | Lair:2   | Found a staircase to the Swamp.
  5585 | Lair:2   | Noticed a five-headed hydra
  5595 | Lair:2   | Killed a five-headed hydra
  5788 | Lair:4   | You fall into a shaft and drop 2 floors!
  5788 | Lair:6   | Entered Level 6 of the Lair of Beasts
  5788 | Lair:6   | Noticed a six-headed hydra
  5795 | Lair:6   | Killed a six-headed hydra
  5795 | Lair:6   | Reached skill level 4 in Translocations
  5801 | Lair:6   | Noticed a boulder beetle
  5812 | Lair:6   | Killed a boulder beetle
  5886 | Lair:6   | Noticed a five-headed hydra
  5902 | Lair:6   | Reached skill level 7 in Fighting
  5935 | Lair:6   | Reached skill level 5 in Translocations
  5966 | Lair:6   | Killed a five-headed hydra
  6092 | Lair:6   | Reached skill level 12 in Long Blades
  6123 | Lair:6   | Noticed Snorg
  6144 | Lair:6   | Killed Snorg
  6162 | Lair:6   | Reached skill level 8 in Fighting
  6204 | Lair:6   | Found a shadowy altar of Dithmenos.
  6348 | Lair:6   | Noticed a four-headed hydra
  6352 | Lair:6   | Reached XP level 14. HP: 56/94 MP: 16/16
  6363 | Lair:6   | Gained mutation: You occasionally shout uncontrollably at
                  | your foes. [Ru sacrifice]
  6363 | Lair:6   | Reached ****** piety under Ru
  6403 | Lair:6   | Reached skill level 13 in Long Blades
  6548 | Lair:6   | XOM: draining
  6622 | Lair:6   | Learned a level 5 spell: Lee's Rapid Deconstruction
  6757 | Lair:6   | XOM: summons 7 hostile demons
  6913 | Lair:5   | Found a runed translucent door.
  6914 | Lair:5   | Found a viscous altar of Jiyva.
  6914 | Lair:5   | XOM: 2-stop teleportation journey
  7131 | Lair:4   | Reached skill level 1 in Transmutations
  7329 | Swamp:1  | Entered Level 1 of the Swamp
  7396 | Swamp:1  | Reached skill level 2 in Transmutations
  7396 | Swamp:1  | Reached skill level 10 in Earth Magic
  7400 | Swamp:1  | Reached XP level 15. HP: 86/99 MP: 11/17
  7508 | Swamp:2  | Noticed a thorn hunter
  7526 | Swamp:2  | Killed a thorn hunter
  7526 | Swamp:2  | Reached skill level 3 in Transmutations
  7756 | Swamp:4  | Entered Level 4 of the Swamp
  7769 | Swamp:3  | Reached skill level 11 in Earth Magic
  7798 | Swamp:4  | Noticed a cyan very ugly thing
  7799 | Swamp:4  | Reached skill level 4 in Transmutations
  7831 | Swamp:4  | Killed a cyan very ugly thing
  7967 | Swamp:4  | XOM: summons 2 hostile demons
  8211 | Swamp:4  | Noticed an azure jelly
  8215 | Swamp:4  | Killed an azure jelly
  8219 | Swamp:4  | Reached skill level 5 in Transmutations
  8248 | Swamp:4  | Got a decaying rune of Zot
  8400 | Swamp:3  | Noticed a thorn hunter
  8501 | Swamp:1  | Found a transporter.
  8520 | Swamp:1  | Reached skill level 12 in Earth Magic
  8532 | Swamp:1  | Found a transporter.
  8532 | Swamp:1  | XOM: 3-stop teleportation journey
  8571 | Swamp:1  | Noticed a thorn hunter
  8579 | Swamp:1  | Killed a thorn hunter
  8579 | Swamp:1  | Reached XP level 16. HP: 61/106 MP: 4/18
  8653 | Swamp:1  | XOM: summons 3 hostile demons
  8741 | Swamp:1  | Got a twitching brass amulet
  8756 | Swamp:1  | Got a coiled platinum ring
  8761 | Swamp:1  | Identified the amulet "Louck" {Faith rC- Str+2 Dex+4} (You
                  | found it on level 1 of the Swamp)
  8764 | Swamp:1  | Identified the ring of the Griffon {rPois rF+ EV+4 Str-5
                  | Dex+2} (You found it on level 1 of the Swamp)
  8858 | Lair:2   | Learned a level 6 spell: Statue Form
  9009 | Orc:2    | XOM: give mutations
  9009 | Orc:2    | Gained mutation: You are frail. (-10% HP) [Xom's mischief]
  9009 | Orc:2    | Gained mutation: Scrolls take you a little longer to read.
                  | [Xom's mischief]
  9009 | Orc:2    | Lost mutation: Scrolls take you a little longer to read.
                  | [Xom's mischief]
  9009 | Orc:2    | Gained mutation: You sometimes yell uncontrollably at your
                  | foes. [Xom's mischief]
  9029 | Orc:2    | Bought an uncursed ring of protection from fire for 325
                  | gold pieces
  9029 | Orc:2    | Bought an uncursed ring of wizardry for 390 gold pieces
  9354 | D:13     | Reached skill level 6 in Transmutations
  9465 | D:13     | XOM: 4-stop teleportation journey
  9511 | D:13     | Found a gate to the Vaults.
  9794 | Lair:3   | Found a staircase to the Snake Pit.
  9799 | Snake:1  | Entered Level 1 of the Snake Pit
  9873 | Snake:1  | Lost mutation: You sometimes yell uncontrollably at your
                  | foes. [potion of mutation]
  9873 | Snake:1  | Lost mutation: You are frail. (-10% HP) [potion of
                  | mutation]
  9873 | Snake:1  | Lost mutation: You can translocate small distances at will.
                  | [potion of mutation]
  9873 | Snake:1  | Gained mutation: Armour fits poorly on your strangely
                  | shaped body. [potion of mutation]
  9874 | Snake:1  | Lost mutation: Armour fits poorly on your strangely shaped
                  | body. [potion of mutation]
 10136 | Snake:3  | XOM: noise
 10138 | Snake:3  | Reached skill level 13 in Earth Magic
 10160 | Snake:3  | Found Benakha's Assorted Antiques.
 10168 | Snake:3  | Bought a scroll labeled SIRGHU PUACLAEM for 26 gold pieces
 10168 | Snake:3  | Bought a dazzling cloak for 247 gold pieces
 10168 | Snake:3  | Identified the cursed +0 cloak of Telynan {*Slow rC+ Int+5}
                  | (You bought it in a shop on level 3 of the Snake Pit)
 10197 | Snake:3  | Noticed a nagaraja
 10211 | Snake:3  | Killed a nagaraja
 10300 | Snake:3  | Reached skill level 7 in Transmutations
 10607 | Snake:3  | Found a runed translucent gate.
 10607 | Snake:3  | Found a runed translucent gate.
 10607 | Snake:3  | Found a runed translucent gate.
 10609 | Snake:3  | Found an opulent altar of Gozag.
 10610 | Snake:3  | Noticed mora's ghost (adept DrAK)
 10611 | Snake:3  | Found Xojaul's Assorted Antiques.
 10643 | Snake:3  | Noticed Vashnia
 10734 | Snake:3  | Killed Vashnia
 10734 | Snake:3  | Reached XP level 17. HP: 110/110 MP: 19/19
 10951 | Snake:3  | Bought a paperback book for 390 gold pieces
 10956 | Snake:4  | Entered Level 4 of the Snake Pit
 11021 | Snake:4  | Found a frozen archway.
 11052 | IceCv    | Entered an ice cave
 11255 | IceCv    | Reached skill level 14 in Earth Magic
 11426 | IceCv    | Noticed an Ice Fiend
 11429 | IceCv    | Killed an Ice Fiend
 11429 | IceCv    | Reached skill level 8 in Transmutations
 11583 | Snake:4  | XOM: chaos upgrade
 11773 | Snake:4  | Reached skill level 15 in Earth Magic
 11773 | Snake:4  | Reached skill level 2 in Spellcasting
 11900 | Snake:4  | XOM: divination: magic mapping
 12026 | Snake:4  | Got a serpentine rune of Zot
 12220 | Snake:1  | XOM: fog
 12220 | Snake:1  | Was forgiven by Xom
 12380 | Elf:1    | Entered Level 1 of the Elven Halls
 12382 | Elf:1    | Reached skill level 3 in Spellcasting
 12382 | Elf:1    | Reached XP level 18. HP: 117/117 MP: 22/22
 12382 | Elf:1    | Reached skill level 9 in Fighting
 12385 | Elf:1    | Reached skill level 11 in Dodging
 12795 | Elf:2    | Reached skill level 4 in Spellcasting
 12824 | Elf:2    | Found a ruined gateway.
 12866 | Desolati | Entered the Desolation of Salt
 13234 | Desolati | Found the +5 robe of Night {Dark MR+ SInv}
 13289 | Desolati | Reached XP level 19. HP: 37/126 MP: 26/26
 13307 | Desolati | Identified the Compendium of Excruciating Moulding (You
                  | found it in the Desolation of Salt)
 13361 | Desolati | Found the +4 dagger "Morg" {pain, MR+ Int+5}
 13365 | Desolati | Identified the Disquisition on Dark Arts
 13368 | Desolati | Identified Oloz's Compendium of Torrid Toxins
 13479 | Desolati | Identified the Reference Book on Creative Contamination
 13518 | Desolati | Identified the +5 rapier of Acaptibb {vorpal, Fragile rC+
                  | Str+3 Stlth+} (You found it in the Desolation of Salt)
 13523 | Desolati | Identified the +4 fustibalus of the Middle {venom, +Fly rN+
                  | MR+ Dex+4} (You found it in the Desolation of Salt)
 13588 | Desolati | Reached skill level 10 in Fighting
 13588 | Desolati | Reached skill level 12 in Dodging
 13706 | Elf:2    | Reached skill level 1 in Shields
 13713 | Elf:3    | Entered Level 3 of the Elven Halls
 13748 | Elf:3    | Reached skill level 2 in Shields
 13769 | Elf:3    | Reached skill level 3 in Shields
 14022 | Elf:3    | Found an ancient bone altar of Kikubaaqudgha.
 14065 | Elf:3    | Reached skill level 4 in Shields
 14071 | Elf:3    | Reached skill level 5 in Shields
 14137 | Elf:2    | Noticed Roxanne
 14385 | Elf:3    | Reached skill level 6 in Shields
 14528 | Elf:3    | Reached skill level 7 in Shields
 14555 | Elf:3    | Reached skill level 8 in Shields
 14588 | Elf:3    | Reached skill level 5 in Spellcasting
 14635 | Elf:3    | Learned a level 4 spell: Petrify
 14660 | Elf:3    | Reached skill level 9 in Transmutations
 14663 | Elf:3    | Identified a scroll of acquirement
 14681 | Elf:3    | Noticed a deep elf blademaster
 14681 | Elf:3    | Identified the cursed +1 morningstar of Nobujotusm {freeze,
                  | rElec}
 14683 | Elf:3    | Reached skill level 16 in Earth Magic
 14686 | Elf:3    | Reached skill level 9 in Shields
 14688 | Elf:3    | Killed a deep elf blademaster
 14691 | Elf:3    | Shot with an arrow by a deep elf master archer

Illustrated notes

Levels and vault maps discovered:
D:1:      dpeg_arrival_brainrot, layout_rooms, supply_closet_lemuel
D:2:      layout_basic, grunt_gozag_statues, yredelemnul_altar_generic
D:3:      layout_basic, grunt_temple_overflow_open, overflow_temple_1_default,
          corexii_shack
D:4:      layout_loops_ring, gammafunk_temple_overflow_elements
D:5:      layout_basic, temple_green, serial_rivers,
          chequers_serial_rivers_micro_c, chequers_serial_rivers_room_a,
          chequers_serial_rivers_micro_e, chequers_serial_rivers_micro_e,
          serial_shops, shop_fountains, gammafunk_ghost_split
D:6:      layout_layer_cave, minmay_guarded_unrand_staff_of_olgreb,
          uniq_prince_ribbit1, uniq_sigmund
D:7:      layout_basic, basic_altar
D:8:      layout_cave_pools, special_room [special_room_orc]
D:9:      kennysheep_town, serial_shops, uniq_psyche
D:10:     layout_roguey, hiddenorc1_lemuel, basic_altar, uniq_maurice, uniq_urug
D:11:     layout_irregular_city, erik_lair_orcish_takeover
D:12:     layout_long_grid, serial_shops, shop_fountains, kennysheep_little_box,
          minmay_between, uniq_azrael
D:13:     layout_loops_ring, erik_vaults_1
D:14:     layout_roguey, serial_shops, shop, minmay_staircase_bubble,
          interstate_on_off
Temple:   dshaligram_water_room_temple
Lair:1:   layout_regular_city, serial_bayou, serial_bayou_pond_d,
          serial_bayou_ford_a, serial_bayou_lagoon_a, serial_bayou_lake_a,
          beast_lair_carwin_11, uniq_nergalle
Lair:2:   layout_regular_city, swamp_mist, st_stairs_8, grunt_megastairs_3
Lair:3:   layout_hall_layers, minmay_snake_entry_guardpost_medium,
          roderic_carrion_pond
Lair:4:   layout_roguey, minivault_26, cheibrodos_lair_caveside_slide,
          uniq_sonja
Lair:5:   layout_concentric_octagons, slime_altar_2, nzn_random_ring,
          grunt_megastairs_4, serial_bayou_shore_a
Lair:6:   hangedman_lair_in_review, layout_long_grid, basic_altar,
          cheibrodos_lair_lostbears, uniq_snorg
Swamp:1:  gammafunk_its_a_trap, layout_basic_swamp, nicolae_swamp_treefoil
Swamp:2:  layout_falls_marsh, evilmike_swamp_ruin_house_3,
          infiniplex_staircase_pool, uniq_kirke
Swamp:3:  layout_falls_marsh, serial_swamp_ruin, evilmike_swamp_ruin_rubble_1,
          hangedman_swamp_ruin_wall, swamp_pool1
Swamp:4:  swamp_icy, layout_basic_swamp
Snake:1:  layout_cave_shapes, minmay_shop_star
Snake:2:  layout_grid_maze, nicolae_snake_serpentine_hallways, st_stairs_1,
          serial_bayou_shore_b
Snake:3:  layout_concentric_octagons, serial_shops, shop, ebering_ghost_gozag,
          uniq_vashnia
Snake:4:  snake_pit, layout_gridlike, portal_ice_cave_entry_frozen_things,
          st_stairs_6, nicolae_large_snake_swirl
Orc:1:    layout_caves, basic_altar
Orc:2:    st_orc_mages, layout_diamond_mine, serial_shops, shop, shop_fountains
Elf:1:    minmay_elf_arrival_circle, layout_rooms, hangedman_elf_represent,
          palyth_stone_intersect, due_unseen_surprise
Elf:2:    layout_geoelf_diagonals, portal_desolation_entry_twin_temple,
          minmay_shoptagon, uniq_roxanne
Elf:3:    minmay_elf_hall_x, layout_loops_corners, ebering_ghost_inner_flame,
          basic_altar

Skill      XL: |  1  2  3  4  5  6  7  8  9 10 11 12 13 14 15 16 17 18 19 |
---------------+----------------------------------------------------------+-----
Earth Magic    | 4 5 6 7 9 10 9 10 12 13 15 16 | 16.0
Conjurations   | 3 2 2 |  2.6
Spellcasting   | 2 1 3 4 5 |  5.0
Long Blades    | 3 6 9 9 11 12 13 | 13.9
Dodging        | 4 7 8 8 10 11 12 | 12.0
Evocations     | 4 |  4.8
Fighting       | 3 6 8 9 10 | 10.0
Translocations | 2 5 |  5.0
Transmutations | 2 5 7 8 9 |  9.0
Shields        | 9 |  9.7
Stealth        | |  2.0

Action                   |  1- 3 |  4- 6 |  7- 9 | 10-12 | 13-15 | 16-18 | 19-21 || total
-------------------------+-------+-------+-------+-------+-------+-------+-------++-------
Melee: Spear             |     6 |       |       |       |       |       |       ||     6
       Hand axe          |    19 |    70 |    20 |       |       |       |       ||   109
       Trident           |       |    18 |    27 |       |       |       |       ||    45
       Scimitar          |       |       |    31 |    18 |       |       |       ||    49
       Double sword      |       |       |       |   402 |   620 |   999 |   263 ||  2284
       Dagger            |       |       |       |       |       |     3 |       ||     3
       Demon blade       |       |       |       |       |       |       |    83 ||    83
Throw: Boomerang         |       |    24 |     4 |       |       |       |       ||    28
       Dart              |       |     2 |     5 |     7 |       |       |       ||    14
       Stone             |       |       |       |       |     1 |     3 |       ||     4
 Cast: Sandblast         |    23 |    68 |    93 |    76 |   130 |   221 |    14 ||   625
       Stone Arrow       |       |     2 |    49 |   125 |   196 |    70 |       ||   442
       Passwall          |       |       |       |     6 |     4 |    30 |     7 ||    47
       Apportation       |       |       |       |       |    52 |    33 |     4 ||    89
       Statue Form       |       |       |       |       |       |    27 |    18 ||    45
       Lee's Rapid Decon |       |       |       |       |       |     6 |    13 ||    19
Invok: Sacrifice Experie |       |     1 |       |       |       |       |       ||     1
       Sacrifice Durabil |       |       |     1 |       |       |       |       ||     1
       Draw Out Power    |       |       |       |     8 |    14 |    29 |     4 ||    55
       Sacrifice Skill   |       |       |       |     1 |       |       |       ||     1
       Sacrifice Drink   |       |       |       |     1 |       |       |       ||     1
       Apocalypse        |       |       |       |       |     6 |     9 |     1 ||    16
       Sacrifice Purity  |       |       |       |       |     2 |       |       ||     2
       Power Leap        |       |       |       |       |     3 |     2 |       ||     5
 Abil: End Transformatio |       |       |       |       |       |     8 |     5 ||    13
Evoke: Wand              |       |       |       |    17 |    54 |    36 |    12 ||   119
       Condenser vane    |       |       |       |     3 |     6 |    10 |     3 ||    22
  Use: Scroll            |       |    14 |     9 |     3 |    10 |    13 |     8 ||    57
       Potion            |       |     2 |       |     1 |     1 |     4 |       ||     8
 Stab: Sleeping          |       |       |       |     3 |     1 |       |       ||     4
       Distracted        |       |       |       |     2 |     3 |     5 |     2 ||    12
       Paralysed         |       |       |       |     3 |     9 |    29 |     2 ||    43
       Invisible         |       |       |       |     1 |    10 |    14 |     2 ||    27
       Confused          |       |       |       |       |       |     2 |     1 ||     3
Armor: Robe              |     8 |    52 |    56 |     5 |       |       |       ||   121
       Troll leather arm |       |       |       |    96 |   216 |   147 |     8 ||   467
       Skin              |       |       |       |       |       |   309 |   100 ||   409
Dodge: Dodged            |    35 |    96 |   141 |   374 |   741 |  1180 |   268 ||  2835
Block: Kite shield       |       |     8 |     6 |       |       |       |       ||    14
       Rpst.: Scimitar   |       |       |    21 |     4 |       |       |       ||    25
       Double sword      |       |       |       |    96 |   171 |   267 |    63 ||   597
       Demon blade       |       |       |       |       |       |       |     9 ||     9

Table legend: (Time is in decaauts)
 A = Elapsed time spent in this place.
 B = Non-inter-level travel time spent in this place.
 C = Inter-level travel time spent in this place.
 D = Time resting spent in this place.
 E = Time spent auto-exploring this place.
 F = Levels seen in this place.
 G = Mean time per level.
                   A        B        C        D        E       F      G
               +--------+--------+--------+--------+--------+-----+--------+
         Total |  15409 |  14801 |    608 |     16 |      0 |  36 |  428.0 |
       Dungeon |   4639 |   4413 |    226 |      0 |      0 |  14 |  331.4 |
        Temple |     59 |     59 |      0 |      0 |      0 |   1 |   59.0 |
          Lair |   2529 |   2396 |    133 |      0 |      0 |   6 |  421.5 |
         Swamp |   1546 |   1533 |     13 |      0 |      0 |   4 |  386.5 |
     Snake Pit |   2065 |   2009 |     56 |      0 |      0 |   4 |  516.2 |
  Orcish Mines |   1340 |   1161 |    179 |      0 |      0 |   2 |  670.0 |
   Elven Halls |   1857 |   1857 |      0 |     16 |      0 |   3 |  619.0 |
      Ice Cave |    447 |    447 |      0 |      0 |      0 |   1 |  447.0 |
    Desolation |    924 |    924 |      0 |      0 |      0 |   1 |  924.0 |
               +--------+--------+--------+--------+--------+-----+--------+

Top non-repeatable levels by time:
   Elf:3: 1147 daAuts
   Orc:2: 1020 daAuts
    D:10: 961 daAuts
Desolation: 924 daAuts
  Lair:6: 907 daAuts
 Snake:4: 801 daAuts
 Swamp:4: 630 daAuts
 Snake:3: 565 daAuts
     D:6: 513 daAuts
  Lair:2: 501 daAuts
 Snake:2: 478 daAuts
   Elf:1: 473 daAuts
 Swamp:1: 450 daAuts
   IceCv: 447 daAuts
     D:3: 439 daAuts
